 Dungeon Crawl Stone Soup version 0.25-a0-85-g7617fd2bc2 (webtiles) character file.

Game seed: 7669314404572071340, levelgen mode: deterministic

363 MrRokkomies the Skirmisher (level 6, -5/53 HPs)
             Began as a Gnoll Wanderer on Nov 8, 2019.
             Splashed by an oklob plant's acid (12 damage)
             ... created by the enmity of Fedhas Madash
             ... on level 6 of the Dungeon.
             The game lasted 00:08:04 (3652 turns).

MrRokkomies the Skirmisher (Gnoll Wanderer)         Turns: 3652, Time: 00:08:06

Health: -5/53      AC:  9    Str: 16    XL:     6   Next: 67%
Magic:  9/9        EV: 10    Int: 15    God:
Gold:   200        SH:  0    Dex: 14    Spells: 9/9 levels left

rFire    + . .     SeeInvis .   u - +2 dagger (venom)
rCold    . . .     Gourm    .   (no shield)
rNeg     . . .     Faith    .   g - +3 scale mail {rF+}
rPois    .         Spirit   .   s - +0 helmet
rElec    .         Reflect  .   j - +0 cloak
rCorr    .         Harm     .   (no gloves)
MR       .....                  x - +0 pair of boots
Stlth    +.........             (no amulet)
HPRegen  0.17/turn              (no ring)
MPRegen  0.11/turn              (no ring)

@: corroded, lightly drained
A: distributed training, fangs 1, strong nose
a: no special abilities


You were on level 6 of the Dungeon.
You were not hungry.

You visited 1 branch of the dungeon, and saw 4 of its levels.

You collected 200 gold pieces.

Inventory:

Hand Weapons
 a - a +0 hand crossbow
 r - a +1 vampiric whip
 u - a +2 dagger of venom (weapon)
Missiles
 e - 48 bolts
Armour
 g - a +3 scale mail of fire resistance (worn)
 j - a +0 cloak (worn)
 s - a +0 helmet (worn)
 x - a +0 pair of boots (worn)
Jewellery
 f - an uncursed ring of fire
 n - an uncursed ring of wizardry
Wands
 b - a wand of random effects (11)
 o - a wand of disintegration (4)
 v - a wand of flame (4)
Scrolls
 i - a scroll of enchant weapon
 p - 2 scrolls of magic mapping
Potions
 c - a potion of lignification
 d - a potion of heal wounds
 k - 2 potions of flight {unknown}
 l - a potion of invisibility {unknown}
 m - 2 potions of curing {unknown}
 q - a potion of degeneration {unknown}
Comestibles
 h - 8 rations


   Skills:
 + Level 6.8(6.6) Fighting
 + Level 2.0(1.8) Short Blades
 + Level 2.0(1.8) Long Blades
 + Level 2.0(1.8) Axes
 + Level 2.0(1.8) Maces & Flails
 + Level 2.0(1.8) Polearms
 + Level 2.0(1.8) Staves
 + Level 2.0(1.8) Slings
 + Level 2.0(1.8) Bows
 + Level 3.3(3.1) Crossbows
 + Level 2.0(1.8) Throwing
 + Level 5.0(4.8) Armour
 + Level 2.0(1.8) Dodging
 + Level 4.6(4.4) Stealth
 + Level 2.0(1.8) Shields
 + Level 5.0(4.8) Unarmed Combat
 + Level 2.0(1.8) Spellcasting
 + Level 1.6(1.4) Conjurations
 + Level 1.6(1.4) Hexes
 + Level 1.6(1.4) Charms
 + Level 1.6(1.4) Summonings
 + Level 1.6(1.4) Necromancy
 + Level 1.6(1.4) Translocations
 + Level 1.6(1.4) Transmutations
 + Level 1.6(1.4) Fire Magic
 + Level 1.6(1.4) Ice Magic
 + Level 1.6(1.4) Air Magic
 + Level 1.6(1.4) Earth Magic
 + Level 1.6(1.4) Poison Magic
   Level 2.2(2.0) Invocations
 + Level 2.0(1.8) Evocations


You had 9 spell levels left.
You didn't know any spells.
Your spell library was empty.

Dungeon Overview and Level Annotations

Branches:
Dungeon (6/15)
 Temple: D:4-7

Altars:
Fedhas
Xom

Annotations:
D:6 1 runed translucent door, exclusion: 4 oklob plants


Innate Abilities, Weirdness & Mutations

Your experience applies equally to all skills.
You have very sharp teeth.
Your uncanny sense of smell can sniff out nearby items.


Message History

The wandering mushroom is blasted!!
The wandering mushroom releases spores at you!
You are engulfed in a cloud of spores!
Evoke which item? (* to show all) (? for menu, Esc to quit)
Aiming: Disintegrate
Press: ? - help, Shift-Dir - straight line, f/p - wandering mushroom
Aim: a wandering mushroom (heavily damaged, durably summoned, chance to defeat MR: 56%)
The wandering mushroom is blasted!
The oklob plant spits acid at you. The splash of acid hits you.
You are splashed with acid!
The oklob plant spits acid at you.
Fedhas protects a plant from harm.
The splash of acid hits you but does no damage.
The acid corrodes you!
You are splashed with acid!
* * * LOW HITPOINT WARNING * * *
The oklob plant spits acid at you. The splash of acid hits you.
* * * LOW HITPOINT WARNING * * *
You are splashed with acid!
You die...

∆ #...# ######### #...#
######.......# #...#
.....#.......## #...#
∆≈≈≈≈+........# #...#
...#....#...###...##
.#######...P....).......
......f..P.......).)....
....##@#...............
. #.#..#.##.###...##
#.P.f.....# #...#
###P.###### #...# #..#
#...# ...# #...# ###.#
....# ∆ ∆#


You could see 4 oklob plants and a wandering mushroom.

Vanquished Creatures
  An orc warrior (D:6)
  An orc priest (D:6)
  Jessica (D:2)
  Terence (D:2)
  A worker ant zombie (D:6)
  Robin (D:2)
  4 gnolls (D:3)
  2 adders
  2 oozes (D:2)
  2 worms
  A dart slug (D:2)
  5 leopard geckos
  3 orcs
  7 bats
  2 giant cockroaches
  14 hobgoblins
  8 jackals
  A quokka (D:2)
  2 frilled lizards
  18 goblins
  7 kobolds
  7 rats
  A butterfly (D:6)
92 creatures vanquished.

Notes
Turn   | Place    | Note
-------+----------+-------------------------------------------
     0 | D:1      | MrRokkomies the Gnoll Wanderer began the quest for the Orb.
     0 | D:1      | MrRokkomies set off with the following items: a +0 hand
                  | crossbow, a potion of berserk rage, a potion of
                  | lignification, a potion of heal wounds, 20 bolts, a +0
                  | robe, a +0 dagger, a ration
     0 | D:1      | Reached XP level 1. HP: 23/23 MP: 1/1
   170 | D:1      | Reached XP level 2. HP: 23/29 MP: 2/2
  1150 | D:1      | Reached XP level 3. HP: 35/35 MP: 3/3
  1421 | D:2      | Noticed Terence
  1457 | D:2      | Killed Terence
  1457 | D:2      | Reached skill level 1 in Short Blades
  1457 | D:2      | Reached skill level 1 in Long Blades
  1457 | D:2      | Reached skill level 1 in Axes
  1457 | D:2      | Reached skill level 1 in Maces & Flails
  1457 | D:2      | Reached skill level 1 in Polearms
  1457 | D:2      | Reached skill level 1 in Staves
  1457 | D:2      | Reached skill level 1 in Slings
  1457 | D:2      | Reached skill level 1 in Bows
  1457 | D:2      | Reached skill level 1 in Throwing
  1457 | D:2      | Reached skill level 1 in Dodging
  1457 | D:2      | Reached skill level 1 in Shields
  1457 | D:2      | Reached skill level 1 in Spellcasting
  1457 | D:2      | Reached skill level 1 in Invocations
  1457 | D:2      | Reached skill level 1 in Evocations
  1457 | D:2      | Reached XP level 4. HP: 33/41 MP: 5/5
  1630 | D:2      | Noticed Robin
  1731 | D:2      | Killed Robin
  1731 | D:2      | Reached skill level 1 in Conjurations
  1731 | D:2      | Reached skill level 1 in Hexes
  1731 | D:2      | Reached skill level 1 in Charms
  1731 | D:2      | Reached skill level 1 in Summonings
  1731 | D:2      | Reached skill level 1 in Necromancy
  1731 | D:2      | Reached skill level 1 in Translocations
  1731 | D:2      | Reached skill level 1 in Transmutations
  1731 | D:2      | Reached skill level 1 in Fire Magic
  1731 | D:2      | Reached skill level 1 in Ice Magic
  1731 | D:2      | Reached skill level 1 in Air Magic
  1731 | D:2      | Reached skill level 1 in Earth Magic
  1731 | D:2      | Reached skill level 1 in Poison Magic
  1912 | D:2      | Reached XP level 5. HP: 47/47 MP: 6/6
  1989 | D:2      | Noticed Jessica
  1999 | D:2      | Killed Jessica
  2032 | D:2      | Found a faded altar of an unknown god.
  2034 | D:2      | Became a worshipper of Fedhas Madash
  2034 | D:2      | Reached * piety under Fedhas
  2101 | D:2      | Fell from the grace of Fedhas
  2583 | D:3      | You fall into a shaft and drop 3 floors!
  2622 | D:6      | Reached XP level 6. HP: 53/53 MP: 8/8
  2626 | D:6      | Noticed an orc warrior
  2660 | D:6      | Killed an orc warrior
  2660 | D:6      | Reached skill level 5 in Armour
  2660 | D:6      | Reached skill level 5 in Unarmed Combat
  2834 | D:6      | Found a shimmering altar of Xom.
  3172 | D:6      | Found a runed translucent door.
  3179 | D:6      | Noticed a wandering mushroom
  3179 | D:6      | Noticed a wandering mushroom
  3179 | D:6      | Noticed an oklob plant
  3179 | D:6      | Noticed an oklob plant
  3179 | D:6      | Noticed a wandering mushroom
  3250 | D:6      | Noticed a wandering mushroom
  3250 | D:6      | Noticed a wandering mushroom
  3649 | D:6      | Noticed an oklob plant
  3649 | D:6      | Noticed an oklob plant
  3652 | D:6      | Splashed by an oklob plant's acid

Levels and vault maps discovered:
D:1:      zelgadis_glass_arrival_small, layout_basic
D:2:      layout_loops_ring, first_ration, chequers_ecumenical_altar_twisty,
          chequers_avenue, uniq_terence, uniq_jessica, uniq_robin
D:3:      layout_loops_ring
D:6:      layout_loops_cross, xom_butterflies, ebering_ghost_reflecting_pool

Skill      XL: |  1  2  3  4  5  6 |
---------------+-------------------+-----
Short Blades   | 1 2 |  2.0
Long Blades    | 1 2 |  2.0
Axes           | 1 2 |  2.0
Maces & Flails | 1 2 |  2.0
Polearms       | 1 2 |  2.0
Staves         | 1 2 |  2.0
Slings         | 1 2 |  2.0
Bows           | 1 2 |  2.0
Throwing       | 1 2 |  2.0
Dodging        | 1 2 |  2.0
Shields        | 1 2 |  2.0
Spellcasting   | 1 2 |  2.0
Invocations    | 1 2 |  2.2
Evocations     | 1 2 |  2.0
Conjurations   | 1 |  1.6
Hexes          | 1 |  1.6
Charms         | 1 |  1.6
Summonings     | 1 |  1.6
Necromancy     | 1 |  1.6
Translocations | 1 |  1.6
Transmutations | 1 |  1.6
Fire Magic     | 1 |  1.6
Ice Magic      | 1 |  1.6
Air Magic      | 1 |  1.6
Earth Magic    | 1 |  1.6
Poison Magic   | 1 |  1.6
Crossbows      | 3 |  3.3
Armour         | 5 |  5.0
Unarmed Combat | 5 |  5.0
Fighting       | |  6.8
Stealth        | |  4.6

Action                   |  1- 3 |  4- 6 || total
-------------------------+-------+-------++-------
Melee: Dagger            |   239 |   153 ||   392
       Bite              |    32 |    29 ||    61
       Punch             |     4 |     5 ||     9
       Whip              |       |    95 ||    95
       Short sword       |       |    32 ||    32
 Fire: Hand crossbow     |     4 |       ||     4
Invok: Renounce Religion |       |     1 ||     1
Evoke: Wand              |       |    10 ||    10
  Use: Scroll            |     3 |     4 ||     7
       Potion            |     1 |     1 ||     2
  Eat: Chunk             |     2 |     6 ||     8
       Ration            |       |     1 ||     1
Armor: Plate armour      |   190 |       ||   190
       Scale mail        |       |   149 ||   149
Dodge: Dodged            |    49 |   152 ||   201

Table legend:
 A = Non-vault XP
 B = Vault XP
 C = Vault XP percentage of total XP
 D = Non-vault monster count
 E = Vault monster count
 F = Vault count percentage of total count
                 A         B        C        D         E       F
            +---------+---------+-------+---------+---------+-------
      Total |     410 |     109 |  21.0 |      77 |      14 |  15.4
            +---------+---------+-------+---------+---------+-------
        D:1 |      34 |       0 |   0.0 |      19 |       0 |   0.0
        D:2 |      78 |     109 |  58.3 |      33 |      14 |  29.8
        D:3 |      89 |       0 |   0.0 |      18 |       0 |   0.0
        D:6 |     209 |       0 |   0.0 |       7 |       0 |   0.0
            +---------+---------+-------+---------+---------+-------
